 Dungeon Crawl Stone Soup version 0.19.1 (webtiles) character file.

618 Melicamp the Tainter (level 7, 0/55 HPs)
             Began as a Naga Venom Mage on Nov 26, 2016.
             Slain by an ice beast (7 damage)
             ... on level 5 of the Dungeon.
             The game lasted 00:27:46 (6342 turns).

Melicamp the Tainter (Naga Venom Mage)              Turns: 6342, Time: 00:27:47

Health: 0/55       AC:  3    Str: 10    XL:     7   Next: 45%
Magic:  6/13       EV: 10    Int: 16    God:
Gold:   213        SH:  0    Dex: 13    Spells: 3 memorised, 4 levels left

rFire  . . .     SeeInvis +     (no weapon)
rCold  . . .     Gourm    .     a - +0 robe
rNeg   . . .     Faith    .     (no shield)
rPois  +         Spirit   .     (no helmet)
rElec  .         Reflect  .     (no cloak)
rCorr  .         Harm     .     (no gloves)
MR     .....                    (no barding)
Stlth  ++........               (no amulet)
                                (no ring)
                                (no ring)

@: about to teleport, very slow
A: see invisible, deformed body, poison resistance, slowness 2, slow metabolism
1, spit poison 1, AC +2
a: Spit Poison


You were on level 5 of the Dungeon.
You were hungry.

You visited 1 branch of the dungeon, and saw 5 of its levels.

You collected 213 gold pieces.

Inventory:

Missiles
 h - 49 bolts
Armour
 a - a +0 robe (worn)
 l - a +1 helmet
 r - a +0 ring mail of positive energy
Wands
 f - a wand of iceblast (13/15)
 o - a wand of slowing (22/48)
Scrolls
 e - a scroll of remove curse
 j - a scroll of immolation
 q - a scroll of teleportation
Potions
 d - 2 potions of flight
 g - a potion of curing {unknown}
 i - 2 potions of ambrosia
 k - a potion of brilliance {unknown}
 m - a potion of agility {unknown}
 n - a potion of berserk rage {unknown}
 s - a potion of cancellation
Books
 b - a Young Poisoner's Handbook

   Spells                             Type                      Level
   a - Sting                          Conjuration/Poison           1
   b - Mephitic Cloud                 Conjuration/Poison/Air       3
   c - Olgreb's Toxic Radiance        Poison                       4
   d - Alistair's Intoxication        Transmutation/Poison         5
   e - Venom Bolt                     Conjuration/Poison           5
Comestibles
 c - 3 bread rations


   Skills:
 * Level 2.7 Armour
 - Level 1.5 Dodging
 - Level 3.0 Stealth
 - Level 4.1 Spellcasting
 * Level 2.0 Conjurations
 + Level 8.5 Poison Magic


You had 4 spell levels left.
You knew the following spells:

 Your Spells              Type           Power        Failure   Level  Hunger
a - Sting                 Conj/Pois      ###.         1%          1    None
b - Olgreb's Toxic Radia  Pois           ####....     6%          4    ####...
c - Venom Bolt            Conj/Pois      ###.......   63%         5    ######.


Dungeon Overview and Level Annotations

Branches:
Dungeon (5/15)
 Temple: D:4-7

Altars:
Ashenzari
Dithmenos
Elyvilon
Fedhas
Makhleb

Shops:
D:5 [

Annotations:
D:2 Sigmund


Innate Abilities, Weirdness & Mutations

You cannot wear boots.
Your serpentine skin is tough. (AC +2)
You have supernaturally acute eyesight. (SInv)
Armour fits poorly on your strangely shaped body.
Your system is resistant to poisons. (rPois)
You cover ground very slowly.
You have a slow metabolism.
You can spit poison.


Message History

Aiming: Sting
Press: ? - help, Shift-Dir - straight line, f/p - ice beast
Aim: an ice beast (lightly wounded, poisoned)
The sting hits the ice beast.
The ice beast appears unharmed.
The ice beast is lightly wounded.
The ice beast barely misses you.
As you read the scroll of teleportation, it crumbles to dust.
You feel strangely unstable. The ice beast hits you. The ice beast freezes you!
* * * LOW HITPOINT WARNING * * *
Casting: Sting
Confirm with . or Enter, or press ? or * to list all spells.
Aiming: Sting
Press: ? - help, Shift-Dir - straight line, f/p - ice beast
Aim: an ice beast (moderately wounded, poisoned)
The sting hits the ice beast.
The ice beast appears unharmed.
The ice beast is moderately wounded.
The ice beast hits you.
* * * LOW HITPOINT WARNING * * *
The ice beast freezes you!
You die...

.# #.#.#.# #..... .#
#.#...# ## #..... .#
#.##..# .. ..####.... .#
#.....# #.###.........
.# ####.##
....#.#####<## .# #.#
.....# #.# ## #.#
###...... #+# #.#
#........ # ### #.# #@#
## ##.###.# #Y# .
.####...##.#####.##....
.'......................
.####...##.#####.......#
## ##.##.(# ####..### #
####.## ..# #.# ... ####
#.# ###


You could see an ice beast.

Vanquished Creatures
  Prince Ribbit (D:5)
  An ogre (D:5)
  A scorpion (D:4)
  2 hounds (D:4)
  Ijyb (D:3)
  9 adders
  2 river rats (D:4)
  2 shadow imps (D:5)
  5 worms
  2 dart slugs
  A leopard gecko (D:3)
  10 orcs
  3 ball pythons (D:4)
  3 giant cockroaches
  7 goblins
  4 hobgoblins
  3 jackals (D:3)
  A quokka (D:4)
  11 bats
  4 frilled lizards
  7 kobolds
  11 rats
91 creatures vanquished.

Notes
Turn   | Place    | Note
-------+----------+-------------------------------------------
     0 | D:1      | Melicamp the Naga Venom Mage began the quest for the Orb.
     0 | D:1      | Reached XP level 1. HP: 15/15 MP: 3/3
   524 | D:1      | Reached XP level 2. HP: 22/22 MP: 0/5
  1301 | D:2      | Reached skill level 6 in Poison Magic
  1301 | D:2      | Reached XP level 3. HP: 28/28 MP: 3/6
  1518 | D:2      | Reached XP level 4. HP: 30/36 MP: 3/8
  1631 | D:2      | Found a shadowy altar of Dithmenos.
  1828 | D:2      | Learned a level 4 spell: Olgreb's Toxic Radiance
  1896 | D:2      | Found a shattered altar of Ashenzari.
  1932 | D:2      | Saw a vision of the Shoals and the Spider Nest.
  1932 | D:2      | Noticed a redback
  1932 | D:2      | Noticed a redback
  1932 | D:2      | Noticed a redback
  1932 | D:2      | Noticed a redback
  1932 | D:2      | Noticed a hippogriff
  1932 | D:2      | Noticed a siren
  1932 | D:2      | Noticed a merfolk
  1932 | D:2      | Noticed a centaur
  1932 | D:2      | Noticed a merfolk
  1932 | D:2      | Noticed a merfolk
  1932 | D:2      | Noticed a merfolk
  1932 | D:2      | Noticed a centaur
  1932 | D:2      | Noticed a hippogriff
  1933 | D:2      | Noticed a siren
  1933 | D:2      | Noticed a siren
  1936 | D:2      | Noticed a redback
  1936 | D:2      | Noticed a hornet
  2209 | D:2      | Noticed Sigmund
  2389 | D:3      | Noticed Ijyb
  2396 | D:3      | Killed Ijyb
  2396 | D:3      | Reached skill level 7 in Poison Magic
  2472 | D:3      | Reached XP level 5. HP: 42/42 MP: 9/9
  4106 | D:4      | Reached skill level 8 in Poison Magic
  4106 | D:4      | Reached XP level 6. HP: 38/49 MP: 3/11
  4586 | D:4      | Learned a level 5 spell: Venom Bolt
  4941 | D:4      | Reached skill level 1 in Armour
  5268 | D:5      | Entered Level 5 of the Dungeon
  5565 | D:5      | Noticed Prince Ribbit
  5578 | D:5      | Killed Prince Ribbit
  5578 | D:5      | Reached skill level 1 in Conjurations
  5578 | D:5      | Reached XP level 7. HP: 4/55 MP: 6/13
  5907 | D:5      | Found a burning altar of Makhleb.
  5909 | D:5      | Found a white marble altar of Elyvilon.
  5981 | D:5      | Found a shattered altar of Ashenzari.
  5982 | D:5      | Found a blossoming altar of Fedhas.
  6190 | D:5      | Found Miputs's Armour Shop.
  6342 | D:5      | Slain by an ice beast

Skill      XL: |  1  2  3  4  5  6  7 |
---------------+----------------------+-----
Poison Magic   | 6 7 8 |  8.5
Spellcasting   | 3 4 |  4.1
Armour         | 2 |  2.7
Conjurations   | 1 2 |  2.0
Dodging        | |  1.5
Stealth        | |  3.0

Action                   |  1- 3 |  4- 6 |  7- 9 || total
-------------------------+-------+-------+-------++-------
Melee: Unarmed           |    19 |    29 |     5 ||    53
 Cast: Sting             |    32 |   170 |    38 ||   240
       Olgreb's Toxic Ra |       |     2 |       ||     2
 Abil: Spit Poison       |     5 |    18 |     8 ||    31
  Use: Scroll            |     4 |    12 |     5 ||    21
       Potion            |       |     1 |     1 ||     2
  Eat: Chunk             |     2 |     9 |       ||    11
       Bread ration      |       |     1 |       ||     1
Armor: Robe              |     5 |    19 |     6 ||    30
Dodge: Dodged            |    14 |    65 |    11 ||    90
